 Dungeon Crawl Stone Soup version 0.21-a0-509-gecc5317 (webtiles) character file.

28 Hafrunt the Ruffian (level 2, -2/23 HPs)
             Began as a Draconian Transmuter on Nov 30, 2017.
             Slain by a worm (6 damage)
             ... on level 2 of the Dungeon.
             The game lasted 00:02:54 (1436 turns).

Hafrunt the Ruffian (Draconian Transmuter)          Turns: 1436, Time: 00:02:54

Health: -2/23      AC:  4    Str: 12    XL:     2   Next: 96%
Magic:  1/5        EV: 12    Int: 13    God:
Gold:   66         SH:  0    Dex: 11    Spells: 2/5 levels left

rFire    . . .     SeeInvis .     - Unarmed
rCold    . . .     Gourm    .   (no shield)
rNeg     . . .     Faith    .   (armour unavailable)
rPois    .         Spirit   .   (helmet restricted)
rElec    .         Reflect  .   (no cloak)
rCorr    .         Harm     .   (no gloves)
MR       .....                  (no boots)
Stlth    ..........             (no amulet)
HPRegen  0.07/turn              m - ring of loudness (curse)
MPRegen  0.09/turn              (no ring)

@: very slightly contaminated
A: unfitting armour, cold-blooded, AC +4
a: no special abilities


You were on level 2 of the Dungeon.
You were hungry.

You visited 1 branch of the dungeon, and saw 2 of its levels.

You collected 66 gold pieces.

Inventory:

Missiles
 a - 6 arrows
Jewellery
 m - a cursed ring of loudness (left hand)
Scrolls
 d - a scroll of amnesia {unknown}
 e - 2 scrolls of identify {unknown}
 f - 6 scrolls of fear {unknown}
 g - a scroll of random uselessness {unknown}
 i - a scroll of remove curse {unknown}
 k - a scroll of blinking {unknown}
Potions
 h - a potion of might {unknown}
 j - a potion of lignification {unknown}
 n - a potion of agility {unknown}
Books
 b - a book of Changes

   Spells                             Type                      Level
   a - Beastly Appendage              Transmutation                1
   b - Sticks to Snakes               Transmutation                2
   c - Spider Form                    Transmutation/Poison         3
   d - Ice Form                       Ice/Transmutation            4
   e - Blade Hands                    Transmutation                5
Comestibles
 c - 2 bread rations


   Skills:
 - Level 1.1 Fighting
 - Level 1.7 Dodging
 + Level 3.4 Unarmed Combat
 - Level 2.0 Spellcasting
 * Level 3.1 Transmutations


You had 2 spell levels left.
You knew the following spells:

 Your Spells              Type           Power        Failure   Level  Hunger
a - Beastly Appendage     Tmut           #.....       7%          1    ##.....
b - Sticks to Snakes      Tmut           #.......     11%         2    ###....


Dungeon Overview and Level Annotations

Branches:
Dungeon (2/15)

Altars:


Innate Abilities, Weirdness & Mutations

Your plain brown scales are hard. (AC +4)
You cannot fit into any form of body armour.
You are cold-blooded and may be slowed by cold attacks.


Message History

The worm is lightly wounded.
The worm barely misses you.
You barely miss the worm.
Your talons disappear.
You barely miss the worm. The worm bites you.
You hit the worm.
The worm is lightly wounded.
You hit the worm but do no damage.
The worm is lightly wounded.
The worm bites you.
* * * LOW HITPOINT WARNING * * *
You barely miss the worm.
The worm is lightly wounded.
You completely miss the worm.
The worm is lightly wounded.
The worm closely misses you.
You hit the worm.
The worm is lightly wounded.
The worm bites you.
You die...

########. .... #.
###..#### #. .......
#. ..... #######.
###... ........
#....# #######.
#....####.# #.
#...@w....# #.
#....######.######
#. #.# #....# ......
.. #.# ##.###
###....### #.# #.#
....... #.#.# #.#
#....### # #.#.#
#.###########.......
# #.#.#
#..........######.##
# #.#.# ##########.#
#.#


You could see a worm.

Vanquished Creatures
  3 dart slugs
  3 bats
  3 goblins (D:1)
  4 hobgoblins (D:1)
  2 frilled lizards (D:1)
  3 kobolds
  3 rats
21 creatures vanquished.

Notes
Turn   | Place    | Note
-------+----------+-------------------------------------------
     0 | D:1      | Hafrunt the Draconian Transmuter began the quest for the Orb.
     0 | D:1      | Reached XP level 1. HP: 16/16 MP: 3/3
   366 | D:1      | Reached XP level 2. HP: 14/23 MP: 3/5
   370 | D:1      | Learned a level 2 spell: Sticks to Snakes
   829 | D:2      | Noticed a black bear
  1153 | D:2      | HP: 1/23 [worm (3)]
  1436 | D:2      | Slain by a worm

Vault maps used:
D:1:      onia_arrival_pentagram

Skill      XL: |  1  2 |
---------------+-------+-----
Transmutations | 3 |  3.1
Fighting       | |  1.1
Dodging        | |  1.7
Unarmed Combat | |  3.4
Spellcasting   | |  2.0

Action                   || total
-------------------------++-------
Melee: Unarmed           ||    84
       Kick              ||     9
       Tailslap          ||     6
       Headbutt          ||     3
       Punch             ||     2
 Cast: Beastly Appendage ||    20
       Sticks to Snakes  ||     6
  Eat: Chunk             ||     2
Armor: Skin              ||    27
Dodge: Dodged            ||    46

Table legend:
 A = Spawn XP
 B = Non-spawn XP
 C = Spawn XP percentage of total XP
 D = Spawn monster count
 E = Non-spawn monster count
 F = Spawn count percentage of total count
 G = Total turns spent on level
                    A         B        C        D         E        F      G
               +---------+---------+-------+---------+---------+-------+---------
         Total |       0 |      40 |   0.0 |       0 |      21 |   0.0 |  1436
               +---------+---------+-------+---------+---------+-------+---------
           D:1 |       0 |      32 |   0.0 |       0 |      17 |   0.0 |   828
           D:2 |       0 |       8 |   0.0 |       0 |       4 |   0.0 |   608
               +---------+---------+-------+---------+---------+-------+---------
